 Dungeon Crawl Stone Soup version 0.31-a0-845-g9abc20d24f (webtiles) character file.

Game seed: 17302893822837386042

1784613 Flugkiller the Maledictor (level 24, 195/208 HPs)
             Began as a Vampire Ice Elementalist on Oct 2, 2023.
             Was the Champion of Ashenzari.
             Escaped with the Orb
             ... and 3 runes!
             The game lasted 02:26:00 (56549 turns).

Flugkiller the Maledictor (VpIE)                   Turns: 56549, Time: 02:26:00

Health: 195/208    AC: 19    Str: 12    XL:     24   Next: 39%
Magic:  43/43      EV: 36    Int: 34    God:    Ashenzari [******]
Gold:   6296       SH: 19    Dex: 27    Spells: 2/56 levels left

rFire   + + .        b - +9 quick blade "Omniscient Malaise" {freeze, Elem, Self} (curse)
rCold   + + .        V - +2 kite shield of Curses and Power {AC+3, Cun, Bglg} (curse)
rNeg    + + .        k - +3 leather armour of Ashenzari's Ordeal {rElec rC+ rN+ rCorr, Melee, Cun} (curse)
rPois   .            H - +1 helmet "Sublime Regret" {Will+ Str+5 Int+6, Cun, Fort} (curse)
rElec   +            o - +2 cloak of the Cryptic Yoke {Drain rF+ rN+ Int+3, Melee, Bglg} (curse)
rCorr   +            j - +1 pair of gloves "Free Will of Ashenzari" {rC+ Str+2 Dex+3, Self, Elem} (curse)
SInv    +            r - +1 pair of boots of Ashenzari's Omen {Bglg, Comp} (curse)
Will    +++..        m - amulet of Panopticon {RegenMP, Self, Cun} (curse)
Stlth   ++++         f - ring of the Unyielding Gaze {rF+, Bglg, Fort} (curse)
HPRegen 0.74/turn    y - ring of Ashenzari's Annoyance {Dex+6, Dev, Elem} (curse)
MPRegen 0.68/turn

%: clarity
@: healing quickly
A: alive, fangs 3, see invisible, vampiric 2, deformed body, weak 1, inability
to read after injury 1
0: Orb of Zot
}: 3/15 runes: decaying, silver, gossamer
a: Exsanguinate, Renounce Religion, Shatter the Chains


You escaped.
You worshipped Ashenzari.
Ashenzari was exalted by your worship.
You visited 9 branches of the dungeon, and saw 45 of its levels.
You also visited: Ice Cave and Volcano.

You collected 7394 gold pieces.
You spent 1098 gold pieces at shops.

Inventory:

Hand Weapons
 b - the cursed +9 quick blade "Omniscient Malaise" (weapon) {freeze, Elem, Self}
   (You acquired it on level 5 of the Lair of Beasts)

   It has a curse which improves the following skills: Elements: Fire Magic, Ice
   Magic, Air Magic and Earth Magic.
   Introspection: Fighting and Spellcasting.
Missiles
 I - 12 curare-tipped darts (quivered)
 P - 5 throwing nets
Armour
 j - the cursed +1 pair of gloves "Free Will of Ashenzari" (worn) {rC+ Str+2 Dex+3, Self, Elem}
   (You found it on level 10 of the Dungeon)

   Str+2:     It affects your strength (+2).
   Dex+3:     It affects your dexterity (+3).
   rC+:       It protects you from cold.
   It has a curse which improves the following skills: Introspection: Fighting
   and Spellcasting.
   Elements:  Fire Magic, Ice Magic, Air Magic and Earth Magic.
 k - the cursed +3 leather armour of Ashenzari's Ordeal (worn) {rElec rC+ rN+ rCorr, Melee, Cun}
   (You found it on level 10 of the Dungeon)

   rC+:       It protects you from cold.
   rElec:     It insulates you from electricity.
   rN+:       It protects you from negative energy.
   rCorr:     It protects you from acid and corrosion.
   It has a curse which improves the following skills: Melee Combat: Short
   Blades, Long Blades, Axes, Maces & Flails, Polearms, Staves and Unarmed
   Combat.
   Cunning:   Dodging and Stealth.
 o - the cursed +2 cloak of the Cryptic Yoke (worn) {Drain rF+ rN+ Int+3, Melee, Bglg}
   (You acquired it on level 4 of the Spider Nest)

   Int+3:     It affects your intelligence (+3).
   rF+:       It protects you from fire.
   rN+:       It protects you from negative energy.
   Drain:     It drains your maximum health when unequipped.
   It has a curse which improves the following skills: Melee Combat: Short
   Blades, Long Blades, Axes, Maces & Flails, Polearms, Staves and Unarmed
   Combat.
   Beguiling: Conjurations, Hexes and Translocations.
 r - the cursed +1 pair of boots of Ashenzari's Omen (worn) {Bglg, Comp}
   (You found it on level 7 of the Dungeon)

   It has a curse which improves the following skills: Beguiling: Conjurations,
   Hexes and Translocations.
   Companions: Summonings and Necromancy.
 H - the cursed +1 helmet "Sublime Regret" (worn) {Will+ Str+5 Int+6, Cun, Fort}
   (You found it on level 3 of the Swamp)

   Str+5:     It affects your strength (+5).
   Int+6:     It affects your intelligence (+6).
   Will+:     It increases your willpower.
   It has a curse which improves the following skills: Cunning: Dodging and
   Stealth.
   Fortitude: Armour and Shields.
 V - the cursed +2 kite shield of Curses and Power (worn) {AC+3, Cun, Bglg}
   (You took it off a tengu warrior on level 15 of the Dungeon)

   It has a curse which improves the following skills: Cunning: Dodging and
   Stealth.
   Beguiling: Conjurations, Hexes and Translocations.
Jewellery
 a - a +4 ring of protection
   (You took it off a vault guard on level 5 of the Vaults)
 e - an amulet of regeneration
   (You took it off a vault warden on level 5 of the Vaults)
 f - the cursed ring of the Unyielding Gaze (left hand) {rF+, Bglg, Fort}
   (You found it on level 4 of the Lair of Beasts)

   [ring of protection from fire]

   rF+:       It protects you from fire.
   It has a curse which improves the following skills: Beguiling: Conjurations,
   Hexes and Translocations.
   Fortitude: Armour and Shields.
 m - the cursed amulet of Panopticon (around neck) {RegenMP, Self, Cun}
   (You found it on level 6 of the Dungeon)

   [amulet of magic regeneration]

   RegenMP:   It increases your rate of magic regeneration.
   It has a curse which improves the following skills: Introspection: Fighting
   and Spellcasting.
   Cunning:   Dodging and Stealth.
 p - a ring of protection from cold
   (You found it on level 10 of the Dungeon)
 y - the cursed ring of Ashenzari's Annoyance (right hand) {Dex+6, Dev, Elem}
   (You found it on level 4 of the Dungeon)

   [ring of dexterity]

   Dex+6:     It affects your dexterity (+6).
   It has a curse which improves the following skills: Devices: Evocations and
   Shapeshifting.
   Elements:  Fire Magic, Ice Magic, Air Magic and Earth Magic.
 T - a +6 ring of dexterity
   (You found it on level 5 of the Vaults)
Wands
 g - a wand of mindburst (26)
   (You found it on level 13 of the Dungeon)
 x - a wand of paralysis (75)
   (You found it on level 4 of the Dungeon)
 E - a wand of light (4)
   (You found it on level 8 of the Dungeon)
 G - a wand of iceblast (37)
   (You found it on level 8 of the Dungeon)
 K - a wand of flame (50)
   (You found it on level 8 of the Dungeon)
 N - a wand of polymorph (3)
   (You found it on level 4 of the Swamp)
 Y - a wand of digging (11)
   (You found it in an ice cave)
Scrolls
 c - 9 scrolls of vulnerability
 i - 9 scrolls of fog
 z - 2 scrolls of blinking
 C - a scroll of silence
 D - 4 scrolls of enchant armour
 F - 6 scrolls of immolation
 J - 5 scrolls of revelation
 O - 7 scrolls of poison
 Q - 3 scrolls of fear
 U - a scroll of summoning
Potions
 d - 2 potions of might
 l - 9 potions of enlightenment
 q - 21 potions of curing
 s - 9 potions of attraction
 u - 5 potions of lignification
 v - 6 potions of magic
 w - 2 potions of heal wounds
 A - 5 potions of invisibility
 B - 4 potions of brilliance
 S - 3 potions of ambrosia
 W - a potion of cancellation
 Z - 3 potions of mutation
Miscellaneous
 L - a phial of floods
   (You found it on level 1 of the Lair of Beasts)
 M - a lightning rod (4/4)
   (You found it on level 8 of the Dungeon)
 R - a phantom mirror
   (You found it on level 4 of the Swamp)
 X - a condenser vane
   (You found it in an ice cave)


   Skills:
 - Level 17.0(21.5) Fighting
 - Level 11.5(15.1) Short Blades
 - Level 6.0(9.5) Armour
 + Level 19.6(25.0) Dodging
 - Level 22.4(27) Stealth
 - Level 13.4(17.0) Shields
 - Level 11.8(16.5) Spellcasting
 - Level 5.8(11.2) Conjurations
 - Level 26.2(27) Hexes
 - Level 13.2(15.6) Summonings
 - Level 3.3(8.0) Translocations
 - Level 8.8(13.5) Ice Magic
 - Level 6.2(10.8) Air Magic
 - Level 7.7(10.3) Evocations


You had 2 spell levels left.
You knew the following spells:

 Your Spells              Type           Power      Damage    Failure   Level
a - Enfeeble              Hex            59%        N/A       1%          7
b - Frozen Ramparts       Ice            100%       1d16      1%          3
c - Ozocubu's Armour      Ice            88%        N/A       1%          3
d - Summon Ice Beast      Ice/Summ       91%        N/A       1%          4
e - Freezing Cloud        Conj/Ice/Air   41%        6-21      1%          5
f - Summon Lightning Spi  Summ/Air       87%        N/A       1%          4
g - Summon Cactus Giant   Summ           47%        N/A       1%          6
h - Summon Forest         Summ/Tloc      41%        N/A       1%          5
i - Summon Mana Viper     Hex/Summ       100%       N/A       0%          5
j - Silence               Hex/Air        51%        N/A       1%          5
k - Cause Fear            Hex            59%        N/A       0%          4
w - Swiftness             Air            80%        N/A       1%          3

Your spell library contained the following spells:

 Spells                   Type           Power      Damage    Failure   Level
 Freeze                   Ice            100%       1d10      0%          1
 Ensorcelled Hibernation  Hex/Ice        100%       N/A       0%          2
 Jinxbite                 Hex            100%       N/A       0%          2
 Apportation              Tloc           100%       N/A       1%          1
 Kiss of Death            Conj/Necr      100%       2d13      1%          1
 Magic Dart               Conj           100%       1d8       1%          1
 Poisonous Vapours        Pois/Air       100%       N/A       1%          2
 Searing Ray              Conj           100%       2d8       1%          2
 Necrotise                Necr           100%       1d9       2%          1
 Passwall                 Tmut/Erth      25%        N/A       3%          2
 Confusing Touch          Hex            100%       N/A       0%          3
 Dazzling Flash           Conj/Hex       100%       N/A       0%          3
 Summon Guardian Golem    Hex/Summ       100%       N/A       0%          3
 Tukima's Dance           Hex            100%       N/A       0%          3
 Fulminant Prism          Conj/Hex       51%        3d22      0%          4
 Inner Flame              Hex/Fire       89%        N/A       1%          3
 Mephitic Cloud           Conj/Pois/Air  68%        N/A       1%          3
 Anguish                  Hex/Necr       44%        N/A       1%          4
 Animate Armour           Summ/Erth      100%       N/A       1%          4
 Passage of Golubria      Tloc           70%        N/A       1%          4
 Yara's Violent Unravell  Hex/Tmut       44%        3d17      1%          5
 Flame Wave               Conj/Fire      62%        2d14      2%          4
 Sticky Flame             Conj/Fire      62%        2d8       2%          4
 Vampiric Draining        Necr           30%        2d8       8%          3
 Ozocubu's Refrigeration  Ice            44%        4d17      10%         7
 Spellforged Servitor     Conj/Summ      44%        N/A       10%         7
 Orb of Destruction       Conj           40%        9d11      24%         7
 Dispel Undead            Necr           30%        3d14      26%         4
 Simulacrum               Ice/Necr       33%        N/A       26%         6
 Lee's Rapid Deconstruct  Erth           16%        3d10*     52%         5
 Agony                    Necr           30%        N/A       56%         5
 Alistair's Intoxication  Tmut/Pois      18%        N/A       63%         5
 Haunt                    Necr/Summ      35%        N/A       67%         7
 Polar Vortex             Ice            44%        12d5*     100%        9
 Borgnjor's Revivificati  Necr           Unusable   N/A       N/A         8
 Death's Door             Necr           Unusable   N/A       N/A         9

Dungeon Overview and Level Annotations

Branches:
Dungeon (15/15)            Temple (1/1) D:4            Lair (5/5) D:8
  Swamp (4/4) Lair:3       Spider (4/4) Lair:3        Slime (0/5) Lair:5
    Orc (2/2) D:12            Elf (0/3) Orc:2        Vaults (5/5) D:14
  Crypt (0/3) Vaults:2     Depths (4/4) D:15            Zot (5/5) Depths:4
  IceCv (visited)         Volcano (visited)

Altars:
Ashenzari
Cheibriados
Dithmenos
Fedhas
Gozag
Hepliaklqana
Kikubaaqudgha
Makhleb
Nemelex Xobeh
Okawaru
Qazlal
Ru
Sif Muna
Trog
Uskayaw
Vehumet
Wu Jian
Xom
Yredelemnul
Jiyva

Shops:
Orc:2 *!(::   Vaults:2 [   Vaults:3 *

Portals:
Hell: Depths:1 Depths:2 Depths:3 Depths:4
Abyss: Depths:3
Pandemonium: Orc:2 Depths:2
Ziggurat: Depths:2
Trove: D:11 (give +2 gold dragon scales)

Annotations:
D:2 exclusion: downstairs
D:4 exclusion: phantom
D:5 exclusion: phantom
D:7 2 transporters, 1 runed translucent door, JaaP's ghost, novice MiBe
D:13 3 runed translucent doors, Takeo's ghost, journeyman MiBe
D:15 3 runed translucent doors, Aneev's ghost, adept TrFi
Swamp:3 1 transporter, Foxy's ghost, adept GrFi
Spider:1 Roxanne
Vaults:4 Mara
Depths:1 exclusions: spark wasp, spriggan berserker and 2 stone giants
Zot:4 exclusion: upstairs
Zot:5 6 transporters


Innate Abilities, Weirdness & Mutations

Your natural rate of healing is accelerated.
You have razor-sharp teeth.
You have supernaturally acute eyesight. (SInv)
You are afflicted with vampirism and can become a bat while bloodless.
Armour fits poorly on your strangely shaped body.
You are weak. (Str -2)
You occasionally lose the ability to read scrolls when taking damage.


Message History

Osuryfenk's magic leaks into the air.
The ancient lich casts a spell.
The ancient lich flickers and vanishes for a moment.
Osuryfenk misses your dryad.
Something grabs the chaos spawn.
Something hits the chaos spawn!
The chaos spawn is constricted.
Your mana viper bites Osuryfenk.
Osuryfenk's magic leaks into the air.
The ice devil hits your mana viper but does no damage.
Your dryad calls out to the forest.
Vines fly forth from the trees!
The chaos spawn hits your mana viper! The chaos spawn shocks your mana viper!
Tree limbs sway around you.
A root smacks the ice devil from below!
The ice devil dies!
A root smacks the ancient lich from below!
Osuryfenk hits your mana viper.
Your mana viper closely misses Osuryfenk.
Something closely misses your mana viper.
Your cactus giant barely misses the ancient lich.
Your dryad completely misses Osuryfenk.
Tree limbs sway around you.
A tree reaches out and hits the ancient lich!
Osuryfenk hits your mana viper!!
The ancient lich touches your dryad but does no damage.
Your mana viper misses Osuryfenk.
Something completely misses Osuryfenk. x2
Osuryfenk falters for a moment.
The ancient lich touches your dryad!
Your dryad hits Osuryfenk but does no damage.
Something closely misses your mana viper.
Your mana viper bites Osuryfenk.
Osuryfenk's magic leaks into the air.
You feel a bit more experienced.
A root smacks the ancient lich from below!
Something misses Osuryfenk.
Something hits Osuryfenk!
Something completely misses Osuryfenk.
Something hits Osuryfenk!
Osuryfenk hits your mana viper. The ancient lich touches your dryad.
The ancient lich drains your dryad.
Your mana viper bites Osuryfenk!
Osuryfenk's magic leaks into the air.
Something completely misses Osuryfenk.
Something closely misses Osuryfenk.
Your dryad completely misses Osuryfenk.
A root smacks the ancient lich from below!
Something grabs Osuryfenk.
Something hits Osuryfenk.
Osuryfenk is constricted.
Osuryfenk hits your dryad.
The ancient lich barely misses your mana viper.
Your mana viper bites Osuryfenk!
Osuryfenk's magic leaks into the air.
Something completely misses Osuryfenk.
Something loses its grip on Osuryfenk.
The ancient lich touches your mana viper!
Your snaplasher vine segment cannot move out of your way!
A tree reaches out and hits the ancient lich!
Something completely misses Osuryfenk. x2
Your cactus giant hits the ancient lich with a +0 giant spiked club!
An angel comes into view. It is wielding a +2 whip of holy wrath.
The ancient lich is hit by a branch.
A tree reaches out but misses the angel.
The ancient lich misses your dryad.
Your mana viper bites Osuryfenk.
Osuryfenk's magic leaks into the air.
Your dryad hits Osuryfenk but does no damage.
A tree reaches out and hits Osuryfenk!
A root smacks the angel from below!
Something misses Osuryfenk.
Something barely misses Osuryfenk.
Your mana viper misses Osuryfenk.
Osuryfenk hits your mana viper.
Something closely misses Osuryfenk.
Something completely misses Osuryfenk.
Your snaplasher vine closely misses Osuryfenk.
Your snaplasher vine completely misses Osuryfenk.
Your mana viper bites Osuryfenk!
Osuryfenk's magic leaks into the air.
A tree reaches out but misses the angel.
Something hits your snaplasher vine segment!!
Something hits your snaplasher vine segment!
Your snaplasher vine segment is destroyed!
A root smacks the angel from below!
The angel hits something with a +2 whip of holy wrath!
The angel hits something with a +2 whip of holy wrath.
A root smacks the angel from below!
You feel a bit more experienced.
You feel the corruption within you wane completely.
You feel robust.
Space becomes stable.
Aiming: Dig
Press: ? - help, Shift-Dir - straight line A rock wall.
This square is covered in magical glow.
The rock shatters into small pieces.
There is a stone staircase leading up here.
You climb upwards.
There is a stone staircase leading down here.
Unknown command.
What level of the Dungeon? (default 1, ? - help)
An Orb Guardian comes into view.
Casting: Summon Cactus Giant (mildly dangerous; 1% risk of failure)
Confirm with . or Enter, or press ? or * to list all spells.
Aiming: Enfeeble (safe; 1% risk of failure)
Press: ? - help, Shift-Dir - straight line, f - Orb Guardian
Aim: an Orb Guardian (will inflict weakness, chance to daze and blind: 63%)
The Orb Guardian is enfeebled!
The Orb Guardian is lost in a daze.
You catch the helpless Orb Guardian completely off-guard!
You spit the Orb Guardian like a pig!!! You freeze the Orb Guardian!!
You kill the Orb Guardian!
No target in view!
Magic restored.
There is a dry fountain here.
There is a dry fountain here.
There is a staircase leading out of the dungeon here.
Unknown command.
Enter note: gg You have escaped!

# #)#......⌠.......⌠......#
# #.##............(......###
# #####..⌠...⌠...⌠...⌠..##.#
#.##...............###.#####
#.###.⌠....⌠....⌠.####.....#
#.# ##...........##.........
#>#####..⌠...⌠..##########.#
#...# ##.......## #.# ###.#
##..@..## #.# #.#
##.>.########## #.# #####.#
#####........# ##.# #.....#
#.# #######..# #... #.#####
#.# #.## #..# #.# #.# #.#
#..# #.# #.# #.# #... #.#
#.# #.# #..# #.# #.# #.#
#.).


There were no monsters in sight!

Vanquished Creatures
  2 dread liches
  An ancient lich (Vaults:5)
  7 orbs of fire (Zot:5)
  Bai Suzhen (Swamp:3)
  A Killer Klown (Zot:5)
  Margery (Vaults:2)
  Xtahua (Vaults:5)
  Saint Roka (Vaults:4)
  4 golden dragons
  A bone dragon (Depths:4)
  Arachne (Spider:4)
  2 electric golems (Zot:5)
  An Ice Fiend (Zot:2)
  2 walking crystal tomes
  A lich (Depths:3)
  6 tentacled monstrosities
  A quicksilver dragon (Vaults:5)
  20 Orb Guardians
  Mlioglotl (Swamp:2)
  7 death cobs
  A walking frostbound tome (Depths:3)
  4 sphinxes
  8 titans
  A sphinx (shapeshifter) (Vaults:5)
  A thorn hunter (Swamp:1)
  An Executioner (Zot:2)
  5 storm dragons
  A tengu reaver (Depths:4)
  11 shadow dragons
  4 draconian monks
  A daeva (Depths:2)
  7 fire giants
  A revenant (Vaults:1)
  8 frost giants
  3 draconian scorchers
  13 vault wardens
  2 draconian knights
  6 iron dragons
  6 ghost moths
  2 orc warlords
  4 draconian stormcallers
  5 war gargoyles
  An angel (Depths:2)
  2 ghouls (Swamp:1)
  2 spriggan defenders
  A draconian shifter (Zot:5)
  A reaper (Depths:1)
  13 ironbound preservers
  2 formless jellyfish (Vaults:4)
  15 stone giants
  27 very ugly things
  5 broodmothers
  6 ironbound thunderhulks
  3 vampire knights
  2 deep elf demonologists
  8 green draconians
  2 black draconians
  4 purple draconians
  2 yellow draconians (Zot:5)
  A lorocyproca (Depths:2)
  4 dire elephants
  3 eleionomae
  6 spark wasps
  6 red draconians
  2 white draconians
  4 bunyips
  4 eidola
  A blizzard demon (Depths:1)
  8 ettins
  A deep elf high priest (Vaults:5)
  9 fire dragons
  7 entropy weavers
  A shambling mangrove (Swamp:1)
  13 yaktaur captains
  2 rakshasas
  2 hell beasts (Depths:1)
  16 hydras
  2 ghost crabs
  6 great orbs of eyes
  29 vault guards
  2 peacekeepers
  3 spriggan air magi
  8 ice dragons
  6 catoblepae
  2 ogre magi (Vaults:5)
  A sphinx zombie (Depths:1)
  4 jorogumos (Spider:4)
  2 demonspawn (Orc:2)
  A radroach (Spider:4)
  9 alligators
  6 centaur warriors
  8 ironbound frosthearts
  7 boulder beetles
  4 tengu warriors
  5 two-headed ogres
  5 deep troll shamans
  3 demonic crawlers
  8 death yaks
  5 deep troll earth magi
  A spriggan berserker (Swamp:1)
  5 orc high priests (Orc:2)
  3 vampire magi
  4 spriggans
  A shock serpent (shapeshifter) (Depths:3)
  2 soul eaters
  13 hell knights
  3 skysharks
  Sonja (Lair:5)
  Nergalle (Lair:3)
  2 pharaoh ants
  2 skeletal warriors
  2 sun moths (Spider:4)
  4 iron trolls
  A sixfirhy (Orc:2)
  A shadow wraith (Vaults:2)
  A glowing orange brain (shapeshifter) (D:14)
  A goliath frog (Swamp:1)
  A flayed ghost (Depths:3)
  A death drake (Swamp:3)
  47 deep trolls
  12 orb spiders
  An orange crystal statue (IceCv)
  4 bog bodies
  11 lindwurms
  6 swamp dragons
  2 glowing orange brains
  5 steelbarb worms
  2 steelbarb worms (shapeshifter)
  8 phantasmal warriors
  A golden dragon skeleton (Depths:1)
  22 ironbound convokers
  8 orc knights
  8 necromancers
  2 spriggan druids
  3 deep elf pyromancers
  7 orc sorcerers
  9 wizards
  4 harpies (Vaults:3)
  2 wolf spiders (shapeshifter)
  6 manticores
  A deep elf zephyrmancer (D:15)
  25 ugly things
  29 wolf spiders
  A manticore (shapeshifter) (Vaults:5)
  4 cyclopes
  A stone giant zombie (Vaults:4)
  A fire giant zombie (Vaults:2)
  8 moths of wrath
  An elephant (shapeshifter) (Vaults:3)
  A stone giant skeleton (Depths:1)
  13 elephants
  2 water nymphs (shapeshifter) (Vaults:3)
  5 molten gargoyles
  5 torpor snails
  7 black mambas
  A frost giant skeleton (Depths:1)
  A rust devil (Orc:2)
  4 gargoyles
  19 vault sentinels
  2 unseen horrors
  12 cane toads
  2 orange demons (D:14)
  A smoke demon (Depths:2)
  4 freezing wraiths
  2 efreet
  9 komodo dragons
  A yaktaur zombie (Vaults:2)
  15 rime drakes
  32 yaktaurs
  A yaktaur (shapeshifter) (Vaults:4)
  4 tengu conjurers
  A red devil (Orc:2)
  A troll (shapeshifter) (D:12)
  7 hornets
  A tyrant leech (shapeshifter) (Vaults:5)
  2 trolls
  A wolf spider simulacrum (D:15)
  14 polar bears
  10 meliai
  2 hellwings
  8 blink frogs (Lair:3)
  16 tarantellas
  3 tyrant leeches
  9 dream sheep
  15 slime creatures
  A meliai zombie (D:15)
  24 culicivoras
  A spriggan zombie (Depths:1)
  A human simulacrum (Vaults:2)
  22 jumping spiders
  5 wyverns
  A fire bat (Volcano)
  An elf zombie (Vaults:4)
  2 water elementals (Depths:1)
  6 basilisks
  36 yaks
  A steam dragon (shapeshifter) (Vaults:5)
  4 vampire mosquitoes
  4 steam dragons
  A chaos spawn (Depths:2)
  46 redbacks
  9 swamp worms
  2 swamp worms (shapeshifter)
  An acid dragon (shapeshifter) (Vaults:5)
  4 water moccasins
  4 acid dragons
  6 hell hounds
  A floating eye (Depths:3)
  A spectral blink frog (Lair:3)
  A spectral torpor snail (Lair:3)
  4 swamp drakes
  23 orc warriors
  3 black bears
  An ettin simulacrum (Vaults:2)
  8 wolves (Lair:1)
  4 ogres
  6 centaurs
  A kobold brigand (D:8)
  2 nameless horrors
  8 bullfrogs
  9 scorpions
  A glowing shapeshifter simulacrum (Vaults:4)
  6 wights
  3 killer bees
  A howler monkey (D:12)
  4 electric eels
  9 lava snakes
  7 jellies
  10 orc priests
  2 gnoll boudas (D:6)
  A hound (D:6)
  A sleepcap (D:5)
  5 hell rats (Lair:2)
  13 orc wizards
  An iguana (D:6)
  Robin (D:3)
  7 adders
  11 gnolls
  A white imp (D:5)
  2 ufetubi
  2 dart slugs
  41 orcs
  25 endoplasms
  10 giant cockroaches
  10 goblins
  6 hobgoblins
  2 jackals (D:3)
  3 quokkas
  9 ball pythons
  A bat (D:3)
  2 frilled lizards
  10 kobolds
  3 rats
1457 creatures vanquished.

Vanquished Creatures (collateral kills)
  An ancient lich (D:2)
  the Lernaean hydra (Swamp:4)
  A golden dragon (Vaults:5)
  A Tzitzimitl (Depths:4)
  3 tentacled monstrosities
  The ghost of Dirtsage the Severer, an adept MiFi of Okawaru (Vaults:1)
  5 Orb Guardians
  A walking earthen tome (Depths:2)
  A titan (Vaults:5)
  A tengu reaver (D:14)
  3 revenants (Vaults:2)
  An azure jelly (D:14)
  Donald (Swamp:4)
  2 fire giants
  2 frost giants (IceCv)
  A vault warden (Vaults:2)
  A ghoul (Swamp:1)
  An ironbound preserver (Vaults:4)
  A stone giant (Vaults:5)
  2 eleionomae
  A white draconian (IceCv)
  2 yellow draconians (Zot:5)
  6 bunyips
  2 shambling mangroves (Swamp:4)
  An entropy weaver (Spider:1)
  Harold (D:11)
  An ice dragon (Depths:2)
  10 hydras
  A radroach (Spider:3)
  A death knight (D:15)
  3 ghost crabs
  An ogre mage (Orc:2)
  3 two-headed ogres
  5 ironbound frosthearts (IceCv)
  5 boulder beetles
  A deep troll shaman (Depths:1)
  An orc high priest (Orc:2)
  A spriggan berserker (Depths:2)
  A hell knight (Depths:1)
  2 demonic crawlers
  4 skeletal warriors (D:14)
  2 iron trolls
  4 pharaoh ants
  9 deep trolls
  2 goliath frogs (Swamp:2)
  A flayed ghost (Vaults:2)
  10 bog bodies
  A spriggan druid (Swamp:2)
  4 swamp dragons
  3 orb spiders
  A steelbarb worm (Spider:2)
  A phantasmal warrior (D:15)
  5 wolf spiders
  A necromancer (Vaults:2)
  A spectral spriggan (Swamp:3)
  4 orc knights
  A deep elf pyromancer (D:15)
  An orc sorcerer (D:15)
  6 ugly things
  3 will-o-the-wisps
  A gargoyle (D:13)
  2 orange demons (Orc:2)
  A centaur skeleton (D:15)
  A rime drake (IceCv)
  A freezing wraith (D:14)
  7 yaktaurs
  An ice devil (D:2)
  5 tyrant leeches
  6 meliai
  4 polar bears (IceCv)
  4 trolls
  8 tarantellas
  10 hornets
  6 jumping spiders
  6 spriggans
  2 slime creatures
  2 wyverns
  A slime creature (shapeshifter) (Vaults:5)
  6 culicivoras
  A basilisk (Lair:5)
  A water elemental (Depths:1)
  A wraith (D:8)
  14 yaks
  3 vampire mosquitoes
  A chaos spawn (D:2)
  11 redbacks
  2 swamp worms
  A hydra simulacrum (Swamp:3)
  A water moccasin (Lair:1)
  6 swamp drakes
  17 orc warriors
  3 ogres
  A black bear (Lair:1)
  A wolf (Lair:1)
  4 centaurs (Lair:3)
  A gnoll sergeant (D:10)
  2 scorpions (D:7)
  A bullfrog (D:8)
  A necrophage (Swamp:1)
  2 wights (D:7)
  3 killer bees (D:8)
  8 orc priests (Orc:2)
  3 orc wizards (Orc:2)
  2 hell rats (Lair:2)
  A boggart simulacrum (D:15)
  A gnoll (D:10)
  A shadow imp (D:8)
  18 orcs
  A butterfly (D:7)
331 creatures vanquished.

Vanquished Creatures (others)
  A black draconian (Zot:2)
  A necromancer (Vaults:2)
  A moth of wrath (Zot:5)
  2 bloated husks
  A redback (Spider:4)
  3 vampire mosquitoes (Swamp:3)
  19 foxfires
  17 snaplasher vines
45 creatures vanquished.

Grand Total: 1833 creatures vanquished

Notes
Turn   | Place    | Note
-------+----------+-------------------------------------------
     0 | D:1      | Flugkiller the Vampire Ice Elementalist began the quest for
                  | the Orb.
     0 | D:1      | Reached XP level 1. HP: 13/13 MP: 3/3
   509 | D:1      | Reached XP level 2. HP: 20/20 MP: 3/5
   683 | D:1      | Reached skill level 1 in Fighting
  1534 | D:2      | Gained mutation: You are afflicted with vampirism and can
                  | become a bat while bloodless. [Vampire growth]
  1534 | D:2      | Reached XP level 3. HP: 26/26 MP: 0/6
  1538 | D:2      | Learned a level 3 spell: Frozen Ramparts
  1639 | D:2      | Found a faded altar of an unknown god.
  2055 | D:3      | Noticed Robin
  2429 | D:3      | Killed Robin
  2430 | D:3      | Reached XP level 4. HP: 31/32 MP: 0/8
  2520 | D:3      | Reached skill level 5 in Ice Magic
  3111 | D:3      | Reached XP level 5. HP: 37/37 MP: 4/9
  3254 | D:4      | Found a staircase to the Ecumenical Temple.
  3270 | Temple   | Entered the Ecumenical Temple
  3289 | Temple   | Became a worshipper of Ashenzari the Shackled
  3318 | D:4      | Noticed a phantom
  3368 | D:4      | Found an ornate altar of the Wu Jian Council.
  3368 | D:4      | Found a shimmering altar of Xom.
  4066 | D:5      | Entered Level 5 of the Dungeon
  4072 | D:5      | Identified the +2 sling of Majestic Integrity {heavy, rElec
                  | Dex+3}
  4129 | D:5      | Noticed a phantom
  4215 | D:5      | Noticed a water moccasin
  4223 | D:5      | Found a sparkling altar of Nemelex Xobeh.
  4249 | D:5      | Killed a water moccasin
  4250 | D:5      | Reached skill level 1 in Evocations
  4250 | D:5      | Reached XP level 6. HP: 26/44 MP: 1/11
  4400 | D:5      | You fall into a shaft and drop 2 floors!
  4776 | D:5      | Reached XP level 7. HP: 50/50 MP: 7/13
  4885 | D:5      | Found a blossoming altar of Fedhas.
  5200 | D:5      | Learned a level 3 spell: Ozocubu's Armour
  5205 | D:5      | Learned a level 4 spell: Summon Ice Beast
  5272 | D:6      | Reached skill level 1 in Summonings
  5399 | D:6      | Reached * piety under Ashenzari
  5399 | D:6      | Identified a scroll of acquirement
  5958 | D:7      | Reached XP level 8. HP: 43/57 MP: 11/15
  6146 | D:7      | Reached ** piety under Ashenzari
  6162 | D:7      | Noticed a troll
  6163 | D:7      | Noticed JaaP's ghost (novice MiBe)
  6348 | D:7      | Noticed a moth of wrath
  6352 | D:7      | Found a bloodstained altar of Trog.
  6369 | D:7      | Found a transporter.
  6374 | D:7      | Found a transporter.
  6511 | D:7      | Reached skill level 5 in Dodging
  6548 | D:7      | Found a runed translucent door.
  6550 | D:7      | Found a runed translucent door.
  6983 | D:7      | Reached XP level 9. HP: 64/66 MP: 10/17
  6991 | D:7      | Reached skill level 5 in Summonings
  7243 | D:8      | Found a staircase to the Lair.
  7623 | D:8      | Learned a level 5 spell: Freezing Cloud
  7655 | D:8      | Noticed a troll
  7655 | D:8      | Noticed a boulder beetle
  7655 | D:8      | Noticed a centaur warrior
  7718 | D:8      | Reached skill level 1 in Air Magic
  7718 | D:8      | Reached XP level 10. HP: 71/74 MP: 10/19
  7736 | D:8      | Reached skill level 1 in Conjurations
  7737 | D:8      | Killed a boulder beetle
  7773 | D:8      | Killed a centaur warrior
  7773 | D:8      | Noticed a two-headed ogre
  7806 | D:8      | Killed a two-headed ogre
  7807 | D:8      | Reached skill level 10 in Dodging
  8051 | D:8      | Noticed a centaur warrior
  8060 | D:8      | Killed a centaur warrior
  8120 | D:8      | Reached skill level 5 in Air Magic
  8255 | D:8      | Noticed a two-headed ogre
  8276 | D:8      | Killed a two-headed ogre
  8277 | D:8      | Reached skill level 5 in Spellcasting
  8277 | D:8      | Reached XP level 11. HP: 79/79 MP: 17/20
  8287 | D:8      | Learned a level 4 spell: Summon Lightning Spire
  8544 | D:9      | Acquired the +1 pair of gloves of Lies {Will+ Dex+2 Stlth-}
  8551 | D:9      | Acquired a +5 rapier of speed
  8647 | D:9      | Noticed a boulder beetle
  8667 | D:9      | Killed a boulder beetle
  8668 | D:9      | Reached skill level 1 in Short Blades
  8695 | D:9      | Noticed a two-headed ogre
  8794 | D:9      | Killed a two-headed ogre
  8954 | D:10     | Entered Level 10 of the Dungeon
  8954 | D:10     | Identified the +1 pair of gloves of the Original Sin {rC+
                  | Str+2 Dex+3}
  9275 | D:10     | Noticed a six-headed hydra
  9306 | D:10     | Killed a six-headed hydra
  9341 | D:10     | Identified the +3 leather armour of Submission {rElec rC+
                  | rN+ rCorr}
  9478 | D:10     | Found a basalt altar of Yredelemnul.
  9549 | D:10     | Found a snail-covered altar of Cheibriados.
  9869 | D:11     | Noticed a boulder beetle
  9878 | D:11     | Killed a boulder beetle
 10022 | D:11     | Noticed a two-headed ogre
 10046 | D:11     | Killed a two-headed ogre
 10047 | D:11     | Reached skill level 5 in Conjurations
 10157 | D:11     | Noticed a two-headed ogre
 10169 | D:11     | Killed a two-headed ogre
 10244 | D:11     | Noticed Harold
 10265 | D:11     | Killed Harold
 10266 | D:11     | Reached XP level 12. HP: 77/86 MP: 16/24
 10889 | D:11     | Found a portal to a secret trove of treasure.
 11035 | Lair:1   | Entered Level 1 of the Lair of Beasts
 11080 | Lair:1   | Reached skill level 5 in Short Blades
 11322 | Lair:1   | Reached *** piety under Ashenzari
 11540 | Lair:1   | Reached skill level 5 in Fighting
 11582 | Lair:1   | Noticed a catoblepas
 11596 | Lair:1   | Reached skill level 5 in Stealth
 11633 | Lair:1   | Killed a catoblepas
 11801 | Lair:1   | Reached **** piety under Ashenzari
 12095 | Lair:2   | Noticed a four-headed hydra
 12102 | Lair:2   | Killed a four-headed hydra
 12192 | Lair:2   | Reached skill level 5 in Evocations
 12257 | Lair:2   | Noticed a five-headed hydra
 12266 | Lair:2   | Killed a five-headed hydra
 12595 | Lair:2   | Identified the +5 scale mail of New Discoveries {rC+}
 12880 | Lair:3   | Reached XP level 13. HP: 101/101 MP: 26/26
 12924 | Lair:3   | Noticed Nergalle
 12957 | Lair:3   | Killed Nergalle
 13405 | Lair:3   | Found a hole to the Spider Nest.
 13955 | Lair:3   | Found a staircase to the Swamp.
 14050 | Lair:3   | Found a broken altar of Ashenzari.
 14563 | Lair:4   | Found a dark tunnel.
 14570 | Volcano  | Entered a volcano
 14703 | Volcano  | Found a radiant altar of Vehumet.
 14753 | Volcano  | Identified the ring of the Bull {rN+ SInv}
 14798 | Volcano  | Noticed a red draconian
 14809 | Volcano  | Killed a red draconian
 14810 | Volcano  | Reached XP level 14. HP: 93/110 MP: 25/30
 15168 | Lair:4   | Reached skill level 10 in Summonings
 15491 | Lair:5   | Entered Level 5 of the Lair of Beasts
 15495 | Lair:5   | Acquired a +6 quick blade of venom
 15622 | Lair:5   | Found a staircase to the Slime Pits.
 16095 | Lair:5   | Noticed Sonja
 16103 | Lair:5   | Killed Sonja
 16717 | Lair:5   | Learned a level 6 spell: Summon Cactus Giant
 16723 | Lair:5   | Learned a level 5 spell: Summon Forest
 16729 | Lair:5   | Learned a level 5 spell: Summon Mana Viper
 16786 | Lair:5   | Reached skill level 1 in Hexes
 16875 | Lair:5   | Found a large runed translucent door.
 16876 | Lair:5   | Found a large runed translucent door.
 17397 | D:12     | Found a staircase to the Orcish Mines.
 17405 | D:12     | Reached skill level 2 in Hexes
 17408 | D:12     | Reached skill level 1 in Translocations
 17962 | D:13     | Reached skill level 3 in Hexes
 18171 | D:13     | Found a runed translucent gate.
 18174 | D:13     | Found a runed translucent gate.
 18175 | D:13     | Found a runed translucent gate.
 18175 | D:13     | Identified the +6 dagger "Miugh" {flame, Will+ Stlth+}
 18186 | D:13     | Noticed Takeo's ghost (journeyman MiBe)
 18634 | D:13     | Found a sacrificial altar of Ru.
 18711 | D:14     | Reached skill level 4 in Hexes
 18746 | D:14     | Reached XP level 15. HP: 117/117 MP: 27/31
 18817 | D:14     | Found a frozen archway.
 18817 | D:14     | Noticed an azure jelly
 18828 | D:14     | Killed an azure jelly
 18893 | IceCv    | Entered an ice cave
 19164 | IceCv    | Identified the +2 pair of gloves of Cehen {Int+2}
 19817 | IceCv    | Noticed a frost giant
 19817 | IceCv    | Noticed a frost giant
 19817 | IceCv    | Identified the +0 shortbow of Gallantry {antimagic, +Blink
                  | rPois}
 19879 | IceCv    | Killed a frost giant
 20041 | IceCv    | Killed a frost giant
 20482 | D:14     | Reached skill level 10 in Short Blades
 20564 | D:14     | Reached skill level 1 in Armour
 21163 | D:14     | Found a gate to the Vaults.
 21163 | D:14     | Noticed a tengu reaver
 21170 | D:14     | Killed a tengu reaver
 21310 | D:14     | Reached skill level 5 in Armour
 21639 | D:15     | Entered Level 15 of the Dungeon
 21934 | D:15     | Reached ***** piety under Ashenzari
 21940 | D:15     | Found a runed translucent gate.
 21941 | D:15     | Found a runed translucent gate.
 21941 | D:15     | Noticed an azure jelly
 21942 | D:15     | Found a runed translucent gate.
 21944 | D:15     | Noticed an azure jelly
 21944 | D:15     | Noticed Aneev's ghost (adept TrFi)
 21982 | D:15     | Reached skill level 1 in Shields
 22033 | D:15     | Reached XP level 16. HP: 129/129 MP: 32/32
 22458 | D:15     | Found a staircase to the Depths.
 22486 | D:15     | Found a bloodstained altar of Trog.
 22487 | D:15     | Acquired 414 gold pieces
 22703 | D:15     | Found a viscous altar of Jiyva.
 22778 | Orc:1    | Entered Level 1 of the Orcish Mines
 23001 | Orc:2    | Entered Level 2 of the Orcish Mines
 23016 | Orc:2    | Reached skill level 5 in Shields
 23110 | Orc:2    | Found Igaudgh's Self-Improvement Boutique.
 23397 | Orc:2    | Found a staircase to the Elven Halls.
 23586 | Orc:2    | Found Onwaqaen's Distillery.
 23588 | Orc:2    | Found Rusm's General Store.
 23633 | Orc:2    | Bought a potion of cancellation for 120 gold pieces
 23633 | Orc:2    | Bought a potion of might for 60 gold pieces
 23635 | Orc:2    | Bought a potion of heal wounds for 60 gold pieces
 23635 | Orc:2    | Bought a potion of heal wounds for 60 gold pieces
 23635 | Orc:2    | Bought a potion of mutation for 96 gold pieces
 23635 | Orc:2    | Bought a wand of paralysis (5) for 144 gold pieces
 23637 | Orc:2    | Bought a potion of curing for 45 gold pieces
 23637 | Orc:2    | Bought a potion of curing for 45 gold pieces
 24010 | Orc:2    | Paralysed by an orc sorcerer for 3 turns
 24081 | Orc:2    | Found Simop's Antique Weapon Shop.
 24081 | Orc:2    | Found Adghirhu's Book Boutique.
 24082 | Orc:2    | Found a one-way gate leading to the halls of Pandemonium.
 24086 | Orc:2    | Bought a book of Hexes for 468 gold pieces
 24562 | Swamp:1  | Entered Level 1 of the Swamp
 24633 | Swamp:1  | Reached skill level 5 in Hexes
 24804 | Swamp:1  | Noticed a thorn hunter
 24822 | Swamp:1  | Killed a thorn hunter
 24900 | Swamp:1  | Reached skill level 6 in Hexes
 25334 | Swamp:1  | Reached skill level 7 in Hexes
 25759 | Swamp:2  | Reached skill level 10 in Shields
 25955 | Swamp:2  | Identified the +4 flail of Keimiso {elec, Will+}
 26224 | Swamp:2  | Reached skill level 8 in Hexes
 26226 | Swamp:2  | Reached XP level 17. HP: 91/108 MP: 25/33
 27546 | Swamp:3  | Reached skill level 9 in Hexes
 27569 | Swamp:3  | Identified the +1 pair of boots "Odizawu" {Int+3}
 27745 | Swamp:3  | Identified the +1 helmet of Qazlal's Envy {Will+ Str+5
                  | Int+6}
 27777 | Swamp:3  | Noticed Bai Suzhen
 27797 | Swamp:3  | Noticed Foxy's ghost (adept GrFi)
 27864 | Swamp:3  | Noticed Mlioglotl
 27876 | Swamp:2  | Killed Mlioglotl
 27919 | Swamp:3  | Found a transporter.
 27922 | Swamp:3  | Found a transporter.
 28339 | Swamp:3  | Killed Bai Suzhen
 28340 | Swamp:3  | Reached skill level 10 in Hexes
 28531 | Swamp:4  | Entered Level 4 of the Swamp
 28775 | Swamp:4  | Noticed Donald
 29033 | Swamp:4  | Killed Donald
 29218 | Swamp:4  | Reached skill level 11 in Hexes
 30226 | Swamp:4  | Reached skill level 12 in Hexes
 30301 | Swamp:4  | Noticed the 27-headed Lernaean hydra
 30315 | Swamp:4  | Killed the 27-headed Lernaean hydra
 30325 | Swamp:4  | Got a decaying rune of Zot
 30579 | Spider:1 | Entered Level 1 of the Spider Nest
 31213 | Spider:1 | Reached XP level 18. HP: 106/112 MP: 33/35
 31216 | Spider:1 | Noticed Roxanne
 31903 | Spider:2 | Reached skill level 10 in Stealth
 33802 | Spider:3 | Learned a level 7 spell: Enfeeble
 33936 | Spider:4 | Entered Level 4 of the Spider Nest
 34386 | Spider:3 | Reached skill level 13 in Hexes
 34910 | Spider:4 | Noticed Arachne
 34927 | Spider:4 | Killed Arachne
 35454 | Spider:4 | Got a gossamer rune of Zot
 35887 | Spider:4 | Reached skill level 14 in Hexes
 35914 | Spider:4 | Reached skill level 10 in Fighting
 35992 | Spider:4 | Reached XP level 19. HP: 108/119 MP: 0/36
 36613 | Spider:4 | Acquired the +2 cloak of Inviolability {Drain rF+ rN+
                  | Int+3}
 36850 | Vaults:1 | Entered Level 1 of the Vaults
 37734 | Vaults:1 | Reached skill level 15 in Hexes
 38031 | Vaults:2 | Reached skill level 15 in Stealth
 38130 | Vaults:2 | Found a staircase to the Crypt.
 38706 | Vaults:2 | Found Soschuxt's Armour Boutique.
 38747 | Vaults:2 | Noticed Margery
 38772 | Vaults:2 | Killed Margery
 39287 | Vaults:2 | Reached skill level 15 in Dodging
 39306 | Vaults:2 | Reached XP level 20. HP: 100/162 MP: 15/37
 39722 | Vaults:2 | Found a runed translucent gate.
 39722 | Vaults:2 | Found a runed translucent gate.
 39724 | Vaults:2 | Found a runed translucent gate.
 39727 | Vaults:2 | Noticed Dirtsage's ghost (adept MiFi)
 39747 | Vaults:2 | Identified the +3 leather armour of the Exiled Ziggurats
                  | {rN++}
 40506 | Vaults:3 | Found Cuaceag's General Store.
 40703 | Vaults:3 | Reached skill level 10 in Spellcasting
 40733 | Vaults:3 | Identified the orb of Exceptional Fun {*channel, rC++}
 41915 | Vaults:4 | Noticed Saint Roka
 41924 | Vaults:4 | Noticed Mara
 41953 | Vaults:4 | Noticed Flugkiller's illusion
 42351 | Vaults:4 | Noticed Flugkiller's illusion
 42539 | Vaults:4 | Killed Saint Roka
 42551 | Vaults:4 | Noticed Flugkiller's illusion
 42828 | Depths:1 | Entered Level 1 of the Depths
 42895 | Depths:1 | Identified the +1 rapier "Jiohos" {freeze, Contam rElec
                  | rN++ Will+}
 43357 | Depths:1 | Reached XP level 21. HP: 168/168 MP: 27/40
 43713 | Depths:1 | Found a gateway to Hell.
 44940 | Depths:2 | Found a one-way gateway to a ziggurat.
 45793 | Depths:3 | Found a one-way gate to the infinite horrors of the Abyss.
 46388 | Depths:3 | Identified the +1 ring mail of Ohuiqual {rPois rC++ Will-
                  | Int+3}
 46404 | Depths:3 | Reached skill level 15 in Fighting
 46931 | Depths:4 | Entered Level 4 of the Depths
 47596 | Depths:4 | Reached XP level 22. HP: 164/187 MP: 31/41
 48025 | Depths:4 | Found a gate to the Realm of Zot.
 48468 | Depths:4 | Reached skill level 16 in Hexes
 48934 | Vaults:4 | Noticed Flugkiller's illusion
 49117 | Vaults:5 | Entered Level 5 of the Vaults
 49202 | Vaults:5 | Reached skill level 17 in Hexes
 49410 | Vaults:5 | Reached skill level 18 in Hexes
 49613 | Vaults:5 | Noticed a dread lich
 49678 | Vaults:5 | Identified the +0 plate armour of Inquiry {rCorr Int+4}
 49692 | Vaults:5 | Reached skill level 19 in Hexes
 49912 | Vaults:5 | Noticed an ancient lich
 49944 | Vaults:5 | Noticed a golden dragon
 49955 | Vaults:5 | Killed an ancient lich
 49972 | Vaults:5 | Reached skill level 20 in Hexes
 49988 | Vaults:5 | Killed a golden dragon
 50174 | Vaults:5 | Got a silver rune of Zot
 50417 | Vaults:5 | Killed a dread lich
 50418 | Vaults:5 | Reached skill level 21 in Hexes
 50541 | Vaults:5 | Noticed a golden dragon
 50580 | Vaults:5 | Killed a golden dragon
 50714 | Vaults:5 | Reached skill level 22 in Hexes
 50818 | Vaults:5 | Reached XP level 23. HP: 187/196 MP: 36/42
 51189 | Vaults:5 | Noticed Xtahua
 51189 | Vaults:5 | Identified the +0 robe of the Robin {rN+ Str+3}
 51243 | Vaults:5 | Killed Xtahua
 51244 | Vaults:5 | Reached skill level 23 in Hexes
 52258 | Zot:1    | Entered Level 1 of the Realm of Zot
 52272 | Depths:4 | Reached skill level 24 in Hexes
 52672 | Vaults:1 | Killed Dirtsage's ghost
 53581 | Zot:1    | Learned a level 5 spell: Silence
 53585 | Zot:1    | Learned a level 3 spell: Swiftness
 53590 | Zot:1    | Learned a level 4 spell: Cause Fear
 53750 | Zot:2    | Reached skill level 25 in Hexes
 54187 | Zot:3    | Gained mutation: You occasionally lose the ability to read
                  | scrolls when taking damage. [mutagenic glow]
 54203 | Zot:4    | Gained mutation: You are weak. (Str -2) [mutagenic glow]
 54314 | Zot:5    | Entered Level 5 of the Realm of Zot
 54409 | Zot:5    | Reached skill level 26 in Hexes
 54437 | Zot:5    | Found a transporter.
 54438 | Zot:5    | Found a transporter.
 54468 | Zot:5    | Found a transporter.
 54474 | Zot:5    | Found a transporter.
 54533 | Zot:5    | Reached ****** piety under Ashenzari
 54540 | Zot:5    | Found a transporter.
 54541 | Zot:5    | Found a transporter.
 54854 | Zot:5    | Noticed a dread lich
 54914 | Zot:5    | Killed a dread lich
 55252 | Zot:5    | Noticed an orb of fire
 55253 | Zot:5    | Noticed an orb of fire
 55260 | Zot:5    | Noticed a Killer Klown
 55261 | Zot:5    | Noticed an orb of fire
 55266 | Zot:5    | Killed an orb of fire
 55268 | Zot:5    | Killed a Killer Klown
 55271 | Zot:5    | Noticed an orb of fire
 55275 | Zot:5    | Killed an orb of fire
 55277 | Zot:5    | Killed an orb of fire
 55278 | Zot:5    | Reached XP level 24. HP: 115/166 MP: 31/43
 55283 | Zot:5    | Killed an orb of fire
 55794 | Zot:5    | Noticed an orb of fire
 55797 | Zot:5    | Noticed an orb of fire
 55813 | Zot:5    | Killed an orb of fire
 55872 | Zot:5    | Killed an orb of fire
 55902 | Zot:5    | Got the Orb of Zot
 55905 | Zot:5    | Noticed an orb of fire
 55905 | Zot:5    | Identified the +0 quarterstaff of Wyrd {heavy, Dex+2}
 55906 | Zot:5    | Noticed an orb of fire
 55906 | Zot:5    | Noticed a Killer Klown
 55917 | Zot:5    | Noticed an orb of fire
 55919 | Zot:5    | Killed an orb of fire
 55919 | Zot:5    | Gained mutation: Armour fits poorly on your strangely
                  | shaped body. [an orb of fire]
 55922 | Zot:5    | Noticed a Killer Klown
 56092 | Zot:1    | Noticed Baejyij the pandemonium lord
 56457 | D:2      | Noticed Osuryfenk the pandemonium lord
 56457 | D:2      | Noticed an ancient lich
 56475 | D:2      | Killed an ancient lich
 56548 | D:1      | gg
 56549 | D:$      | Escaped with the Orb!

Illustrated notes

# #)#......⌠.......⌠......#
# #.##............(......###
# #####..⌠...⌠...⌠...⌠..##.#
#.##...............###.#####
#.###.⌠....⌠....⌠.####.....#
#.# ##...........##.........
#>#####..⌠...⌠..##########.#
#...# ##.......## #.# ###.#
##..@..## #.# #.#
##.>.########## #.# #####.#
#####........# ##.# #.....#
#.# #######..# #... #.#####
#.# #.## #..# #.# #.# #.#
#..# #.# #.# #.# #... #.#
#.# #.# #..# #.# #.# #.#
#.).


Turn 56548 on D:1: gg

Levels and vault maps discovered:
D:1:      dpeg_arrival_lava_temple_mockup, layout_loops_ring
D:2:      layout_basic, dreamdust_ecumenical_altar_grove
D:3:      layout_rooms, nicolae_figureground_pulse, uniq_robin
D:4:      layout_basic, amethyst_overflow_temple_binary,
          minmay_temple_entry_large_hall, serial_bayou_pond_d, dk_noncrumbling_3
D:5:      layout_basic, mainiacjoe_overflow_brackets,
          mainiacjoe_overflow_six_doors_small
D:6:      layout_loops_ring, nicolae_grassy_gnolls
D:7:      lemuel_insect_pit, layout_rooms, gammafunk_ghost_wrathful_warriors,
          lightli_minifort
D:8:      minmay_the_grid_triangle_9x9_recursive_2
          [minmay_the_grid_triangle_9x9_prize_top_heavy,
          minmay_the_grid_triangle_9x9_windchime,
          minmay_the_grid_triangle_9x9_minimal,
          minmay_the_grid_triangle_9x9_sprig], layout_cave_pools,
          minmay_starry_boxes
D:9:      layout_basic, nzn_sisyphean_effort
D:10:     layout_loops_ring, kennysheep_ying_yang,
          mainiacjoe_overflow_concentric_impassable, grunt_decor_arrowhead
D:11:     layout_irregular_city, nicolae_trove_entry_columns, uniq_harold
D:12:     cheibrodos_helix_gallery, layout_rooms, david_orc_2
D:13:     layout_loops_ring, gammafunk_ghost_split, nicolae_ru_path_of_blood
D:14:     layout_long_grid, hellmonk_vaults_attempted_burglary,
          portal_ice_cave_entry_frozen_things, einodemon_barbed_minivault
D:15:     grunt_enter_depths_magical_seal, layout_cave_pools, bloody_trog,
          gammafunk_ghost_ooze
Temple:   regret_index_temple_generic_petals
Lair:1:   lemuel_slime, layout_gridlike, serial_bayou_shore_b
Lair:2:   layout_loops_ring, st_stairs_6, fungi_pond_lemuel
Lair:3:   layout_big_grid, nicolae_swamp_entry_spooky,
          hellmonk_spider_entry_life_and_decay, chequers_serial_rivers_small_b,
          lemuel_centaur_altar, uniq_nergalle
Lair:4:   layout_cellular_growth, enter_volcano_3
Lair:5:   cheibrodos_lair_end_hotspot, layout_regular_city,
          nicolae_slime_entry_slimehenge, uniq_sonja
Swamp:1:  layout_basic_swamp, nicolae_swamp_round_clearing
Swamp:2:  layout_basic_swamp, hangedman_swamp_cone, swamp_pool1
Swamp:3:  layout_basic_swamp, gammafunk_ghost_mausoleum,
          nicolae_swamp_well_well_well, swamp_pool5, st_swamp_ruins_1,
          uniq_bai_suzhen, uniq_mlioglotl
Swamp:4:  grunt_swamp_rune_castle, layout_basic_swamp, water_boxes_lemuel,
          uniq_donald
Spider:1: layout_spider_delve, uniq_roxanne
Spider:2: layout_spider_delve
Spider:3: layout_chambers
Spider:4: johnstein_spider_rune_arachne_lair, drop_trap
Orc:1:    layout_diamond_mine, uniq_maurice
Orc:2:    pf_orc_diabolical, layout_caves, nicolae_shop_self_help
Vaults:1: vaults_room_grid, nicolae_vaults_surprise_closet,
          nicolae_vaults_ring_of_whatevers, nicolae_vaults_little_squares_3,
          v_alt_pattern_6, grunt_vaults_diagonal,
          nicolae_vaults_trapezoid_lopsided_2, v_pattern_3,
          nicolae_vaults_hallways_thing, nicolae_vaults_apartment_2,
          ontoclasm_vaults_chip, nicolae_vaults_stepped_doors,
          nicolae_vaults_diamond_2, ontoclasm_vaults_twist,
          nicolae_vaults_weapon_check, nicolae_vaults_diagonal_hallway_6,
          layout_vaults_omnibox
Vaults:2: gammafunk_ghost_spectres, minmay_crypt_entry_simple_corners,
          ontoclasm_vaults_shout, nicolae_vaults_doubleplus_tesselated,
          nicolae_vaults_little_squares_6, nicolae_vaults_trapezoid_layered,
          v_rooms_2, nicolae_vaults_taking_the_gang_shopping,
          vaults_room_door_ring, nicolae_vaults_trapezoid_2,
          hangedman_vaults_river_flow, nicolae_vaults_three_branches,
          vaults_mumra_chevron, layout_vaults_omnicross, uniq_margery
Vaults:3: nicolae_vaults_loss_of_containment, v_misc_22,
          nicolae_vaults_offset_grid_hallway_4, nicolae_vaults_wrenched,
          v_pattern_5, v_misc_11, nicolae_vaults_variable_pillar_hall,
          ontoclasm_vaults_spin, v_misc_14, v_alt_pattern_2,
          nicolae_vaults_storage_closets_1, layout_vaults_ring, serial_shops,
          shop
Vaults:4: hangedman_vaults_slice, v_misc_26, v_misc_12,
          nicolae_vaults_security_offices_2, v_pattern_4, nicolae_vaults_theta,
          nicolae_vaults_closet_pinwheel_4, nicolae_vaults_apartment_1,
          nicolae_vaults_variable_pillar_hall, layout_vaults_omnigrid,
          uniq_mara, uniq_saint_roka
Vaults:5: uniq_xtahua
Depths:1: layout_cave_pools, grunt_mini_vestibule, elyvilon_altar_1,
          dispersion_dpeg
Depths:2: four-leaf_vault, layout_gridville, enter_ziggurat_d,
          minmay_misc_feat_ornament, rand_demon_pan_entry_1, hell_entry,
          kennysheep_generic_room_5, infiniplex_staircase_hallway_doors
Depths:3: cheibrodos_leafed_vault, layout_cave_pools, abyss_entry_glasseish,
          hell_entry, hangedman_decor_riveting,
          nicolae_concentric_dashed_squares_wild, minmay_misc_feat_doors,
          minmay_staircase_statues
Depths:4: grunt_zot_entry_bicorn, layout_honeycomb, hell_entry,
          minmay_misc_feat_columns, minmay_evil_grid
Zot:1:    layout_concentric_octagons, uniq_josephina
Zot:2:    kennysheep_ambush_hall, layout_concentric_octagons, st_stairs_5
Zot:3:    layout_gridville
Zot:4:    layout_basic
Zot:5:    layout_concentric_octagons, st_stairs_12, serial_nicolae_subway,
          nicolae_sub_station_metal, nicolae_sub_station_crystal,
          nicolae_sub_station_stone

Skill      XL: |  1  2  3  4  5  6  7  8  9 10 11 12 13 14 15 16 17 18 19 20 21 22 23 24 |
---------------+-------------------------------------------------------------------------+-----
Fighting       | 1 2 3 6 7 9 10 11 16 17 | 17.0
Spellcasting   | 3 4 5 6 9 11 | 11.8
Ice Magic      | 5 6 7 8 |  8.8
Dodging        | 3 4 5 9 11 12 13 15 17 19 | 19.6
Evocations     | 1 3 4 5 7 |  7.7
Summonings     | 2 4 5 9 13 | 13.2
Air Magic      | 1 5 6 |  6.2
Conjurations   | 4 5 |  5.8
Short Blades   | 4 7 10 11 | 11.5
Stealth        | 7 13 15 21 22 | 22.4
Hexes          | 4 8 12 14 15 22 26 | 26.2
Translocations | 2 3 |  3.3
Armour         | 6 |  6.0
Shields        | 1 10 13 | 13.4

Action                     |  1- 3 |  4- 6 |  7- 9 | 10-12 | 13-15 | 16-18 | 19-21 | 22-24 || total
---------------------------+-------+-------+-------+-------+-------+-------+-------+-------++-------
  Melee: Dagger            |     4 |       |       |       |       |       |       |       ||     4
         Whip              |    10 |    12 |    63 |    17 |       |       |       |       ||   102
         Bite              |     2 |       |    17 |    45 |   252 |   267 |   633 |   402 ||  1618
         Punch             |       |       |     3 |     2 |    27 |       |       |       ||    32
         Rapier            |       |       |       |   270 |  1220 |  1280 |       |       ||  2770
         Quick blade       |       |       |       |       |       |   274 |  2799 |  1684 ||  4757
  Throw: Dart              |       |       |       |     3 |     2 |     1 |       |       ||     6
   Cast: Freeze            |    63 |    58 |    55 |    71 |    15 |     5 |       |       ||   267
         Frozen Ramparts   |     2 |     7 |    30 |    33 |    15 |     3 |     4 |       ||    94
         Summon Ice Beast  |       |       |    22 |    42 |     9 |     1 |       |       ||    74
         Ozocubu's Armour  |       |       |     6 |    12 |    10 |       |     4 |       ||    32
         Freezing Cloud    |       |       |       |    11 |    51 |    23 |     2 |     1 ||    88
         Summon Lightning  |       |       |       |     4 |    12 |     5 |     1 |       ||    22
         Summon Cactus Gia |       |       |       |       |    45 |   111 |    33 |    36 ||   225
         Summon Mana Viper |       |       |       |       |     7 |    86 |    27 |    32 ||   152
         Summon Forest     |       |       |       |       |     2 |    30 |     6 |     5 ||    43
         Enfeeble          |       |       |       |       |       |    67 |   229 |   228 ||   524
         Silence           |       |       |       |       |       |       |       |     1 ||     1
         Cause Fear        |       |       |       |       |       |       |       |     3 ||     3
         Swiftness         |       |       |       |       |       |       |       |     1 ||     1
 Invoke: Curse Item        |       |     1 |     2 |     5 |     3 |     1 |     1 |     2 ||    15
         Shatter the Chain |       |       |       |     2 |     1 |     1 |     1 |       ||     5
Ability: Exsanguinate      |       |       |       |       |       |     1 |       |     1 ||     2
         Revivify          |       |       |       |       |       |       |     1 |     1 ||     2
  Evoke: Lightning rod     |       |       |       |       |     3 |       |       |       ||     3
         Wand              |       |       |       |       |       |     7 |     5 |    32 ||    44
         Phial of floods   |       |       |       |       |       |     1 |       |       ||     1
         Phantom mirror    |       |       |       |       |       |     1 |       |       ||     1
    Use: Scroll            |       |     5 |     2 |     3 |     5 |     7 |     6 |    18 ||    46
         Potion            |       |       |       |       |     1 |     2 |     4 |    25 ||    32
   Stab: Distracted        |       |       |     2 |     3 |     7 |    18 |     8 |    13 ||    51
         Sleeping          |       |       |     1 |     2 |    20 |    29 |    71 |    22 ||   145
         Confused          |       |       |       |       |       |     3 |       |       ||     3
         Invisible         |       |       |       |       |       |    59 |   204 |   205 ||   468
         Paralysed         |       |       |       |       |       |     3 |       |     1 ||     4
 Armour: Robe              |    20 |       |       |       |       |       |       |       ||    20
         Leather armour    |     8 |    37 |    89 |   144 |   396 |   480 |   436 |   363 ||  1953
  Dodge: Dodged            |    41 |    32 |   108 |   315 |   777 |   912 |   938 |   633 ||  3756
  Block: Kite shield       |       |       |       |       |    13 |   958 |  1044 |   604 ||  2619

Table legend: (Time is in decaauts)
 A = Elapsed time spent in this place.
 B = Non-inter-level travel time spent in this place.
 C = Inter-level travel time spent in this place.
 D = Time resting spent in this place.
 E = Time spent auto-exploring this place.
 F = Levels seen in this place.
 G = Mean time per level.
                   A        B        C        D        E       F      G
               +--------+--------+--------+--------+--------+-----+--------+
         Total |  54357 |  50223 |   4134 |  12756 |  21070 |  47 | 1156.5 |
       Dungeon |  15636 |  14065 |   1571 |   2842 |   7110 |  15 | 1042.4 |
        Temple |     36 |     20 |     16 |      0 |      0 |   1 |   36.0 |
          Lair |   5873 |   5350 |    523 |    880 |   2855 |   5 | 1174.6 |
         Swamp |   5724 |   5333 |    391 |   2161 |   1696 |   4 | 1431.0 |
   Spider Nest |   5773 |   5504 |    269 |   1717 |   2167 |   4 | 1443.2 |
  Orcish Mines |   1543 |   1419 |    124 |    164 |    803 |   2 |  771.5 |
        Vaults |   9459 |   8769 |    690 |   2252 |   3435 |   5 | 1891.8 |
        Depths |   5978 |   5576 |    402 |   1491 |   2242 |   4 | 1494.5 |
           Zot |   2680 |   2534 |    146 |    753 |    356 |   5 |  536.0 |
      Ice Cave |   1384 |   1384 |      0 |    495 |    391 |   1 | 1384.0 |
       Volcano |    267 |    267 |      0 |      0 |     12 |   1 |  267.0 |
               +--------+--------+--------+--------+--------+-----+--------+

Top non-repeatable levels by time:
Vaults:5: 2474 daAuts
Spider:3: 2463 daAuts
Vaults:4: 2170 daAuts
Vaults:2: 2088 daAuts
 Swamp:3: 1869 daAuts
Depths:4: 1813 daAuts
Depths:2: 1686 daAuts
Spider:4: 1632 daAuts
    D:14: 1627 daAuts
  Lair:5: 1596 daAuts
Vaults:1: 1587 daAuts
 Swamp:2: 1566 daAuts
   Zot:5: 1528 daAuts
  Lair:3: 1528 daAuts
     D:8: 1498 daAuts
